 Dungeon Crawl Stone Soup version 0.31.0-11-ge490571c62 (webtiles) character file.

Game seed: 12914984065817982687

371 NotreDorf the Trooper (level 6, -5/56 HPs)
             Began as a Hill Orc Fighter on Jan 27, 2024.
             Was a Follower of Beogh.
             Slain by Duvessa
             ... wielding a +0 short sword
              (10 damage)
             ... on level 4 of the Dungeon.
             The game lasted 00:08:11 (2714 turns).

NotreDorf the Trooper (Hill Orc Fighter)            Turns: 2714, Time: 00:08:11

Health: -5/56      AC:  9    Str: 21    XL:     6   Next: 70%
Magic:  6/6        EV:  9    Int:  8    God:    Beogh [*.....]
Gold:   119        SH:  4    Dex: 10    Spells: 5/5 levels left

rFire   . . .        a - +0 war axe
rCold   . . .        c - +0 buckler
rNeg    . . .        b - +0 scale mail
rPois   .            (no helmet)
rElec   .            (no cloak)
rCorr   .            g - +0 pair of gloves
SInv    .            h - +0 pair of boots
Will    .....        l - amulet of the acrobat Stlth
                     (no ring)
HPRegen 0.29/turn    (no ring)
MPRegen 0.10/turn

%: acrobat
@: mighty, lethally poisoned (-5 -> -16)
A: no striking features
a: Renounce Religion


You were on level 4 of the Dungeon.
You worshipped Beogh.
Beogh was aware of your devotion.
You visited 1 branch of the dungeon, and saw 4 of its levels.

You collected 119 gold pieces.

Inventory:

Hand Weapons
 a - a +0 war axe (weapon)
 r - the +8 dagger of the Growing Salmon {chaos, rElec rN+ Str-2}
   (You found it on level 3 of the Dungeon)

   Str-2:     It affects your strength (-2).
   rElec:     It insulates you from electricity.
   rN+:       It protects you from negative energy.
 u - a +0 morningstar
Armour
 b - a +0 scale mail (worn)
 c - a +0 buckler (worn)
 g - a +0 pair of gloves (worn)
 h - a +0 pair of boots (worn)
Magical Staves
 n - a staff of fire
Jewellery
 l - an amulet of the acrobat (around neck)
Wands
 p - a wand of paralysis (8)
Scrolls
 e - 6 scrolls of identify {unknown}
 f - 4 scrolls of teleportation {unknown}
 i - a scroll of enchant armour {unknown}
 k - a scroll of silence {unknown}
 q - a scroll of vulnerability {unknown}
 s - a scroll of poison {unknown}
Potions
 j - a potion of attraction {unknown}
 m - a potion of degeneration {unknown}
 o - a potion of haste {unknown}
 t - 2 potions of heal wounds {unknown}


   Skills:
 + Level 5.4 Fighting
 + Level 5.0 Axes
 + Level 4.9 Armour
 + Level 4.8 Shields


You had 5 spell levels left.
You didn't know any spells.
Your spell library contained the following spells:

 Spells                   Type           Power      Damage    Failure   Level
 Kiss of Death            Conj/Necr      0%         2d5       80%         1
 Call Canine Familiar     Summ           0%         N/A       99%         3
 Confusing Touch          Hex            0%         N/A       99%         3
 Sigil of Binding         Hex            0%         N/A       99%         3
 Dimensional Bullseye     Hex/Tloc       0%         N/A       100%        4
 Dispel Undead            Necr           0%         3d6       100%        4
 Summon Blazeheart Golem  Fire/Summ      0%         N/A       100%        4
 Orb of Destruction       Conj           0%         9d5       100%        7
 Spellforged Servitor     Conj/Summ      0%         N/A       100%        7


Dungeon Overview and Level Annotations

Branches:
Dungeon (4/15)
 Temple: D:4-7

Altars:

Annotations:
D:4 Duvessa


Message History

Duvessa completely misses you. Dowan casts a spell at you.
You resist with some effort. Duvessa closely misses you.
You hit Dowan.
Dowan is moderately wounded.
You barely miss Duvessa.
You feel sick. Duvessa hits you with a +0 short sword. Dowan barely misses you.
Duvessa barely misses you. Dowan hits you but does no damage.
You are more poisoned.
You barely miss Dowan.
Dowan is moderately wounded.
You hit Duvessa.
You feel very sick. Duvessa hits you with a +0 short sword.
Dowan hits you with a +1 dagger of venom.
You are more poisoned.
Duvessa hits you with a +0 short sword.
You slash Dowan!
Dowan is severely wounded.
You barely miss Duvessa.
You feel very sick. Duvessa hits you with a +0 short sword.
Dowan hits you with a +1 dagger of venom.
* * * LOW HITPOINT WARNING * * *
Duvessa hits you but does no damage.
You feel very mighty all of a sudden.
* * * LOW HITPOINT WARNING * * *
You feel very sick. Dowan casts a spell at you. The puff of frost misses you.
Duvessa hits you with a +0 short sword.
* * * LOW HITPOINT WARNING * * *
You slash Dowan!
You kill Dowan!
Beogh accepts your kill.
Duvessa weeps, and shakes her weapon.
Duvessa goes berserk!
You hit Duvessa.
* * * LOW HITPOINT WARNING * * *
You feel very sick. Duvessa hits you with a +0 short sword!
You die...

#.#### #.## # #..###
##.... ### #.### #.#
#.### #.# #..##
#.##e#############..)
#..)@................
#..#)##############).
.... #.#
###########.# ...#
#.. ............# ..
#.# ########....# .
..# .......#.##.# ...
.......)..... ###
[......#.##.#
.......#.##.#


You could see Duvessa (berserk, fast).

Vanquished Creatures
  The ghost of Gadfly the Ruffian, an amateur DrSh (D:3)
  The ghost of hawla the Scratcher, an amateur FeSh of Makhleb (D:3)
  Dowan (D:4)
  An orc priest (D:4)
  An iguana (D:4)
  2 orc wizards (D:3)
  Robin (D:4)
  2 adders
  A dart slug (D:1)
  3 ribbon worms (D:2)
  10 orcs
  10 ball pythons
  6 bats
  3 endoplasms
  A giant cockroach (D:1)
  11 goblins
  4 hobgoblins
  6 jackals
  4 kobolds
  3 frilled lizards
  4 rats
76 creatures vanquished.

Notes
Turn   | Place    | Note
-------+----------+-------------------------------------------
     0 | D:1      | NotreDorf the Hill Orc Fighter began the quest for the Orb.
     0 | D:1      | Reached XP level 1. HP: 19/19 MP: 1/1
   123 | D:1      | Reached XP level 2. HP: 27/27 MP: 2/2
   258 | D:1      | You fall into a shaft and drop 1 floor!
   441 | D:2      | Reached XP level 3. HP: 29/33 MP: 3/3
   704 | D:2      | Found a faded altar of an unknown god.
  1251 | D:3      | Reached XP level 4. HP: 40/40 MP: 4/4
  1505 | D:3      | Became a worshipper of Beogh the Brigand
  1712 | D:3      | Reached XP level 5. HP: 8/47 MP: 5/5
  1858 | D:3      | Found a runed translucent gate.
  1858 | D:3      | Found a runed translucent gate.
  1859 | D:3      | Found a runed translucent gate.
  1860 | D:3      | Noticed Gadfly's ghost (amateur DrSh)
  2020 | D:3      | Noticed hawla's ghost (amateur FeSh)
  2222 | D:3      | Killed hawla's ghost
  2242 | D:3      | Killed Gadfly's ghost
  2243 | D:3      | Reached skill level 5 in Fighting
  2243 | D:3      | Reached XP level 6. HP: 22/56 MP: 6/6
  2253 | D:3      | Identified the +8 dagger of the Growing Salmon {chaos,
                  | rElec rN+ Str-2}
  2418 | D:4      | Noticed Robin
  2436 | D:4      | Killed Robin
  2498 | D:4      | Reached * piety under Beogh
  2517 | D:4      | Reached skill level 5 in Axes
  2700 | D:4      | Noticed Dowan
  2703 | D:4      | Noticed Duvessa
  2714 | D:4      | Killed Dowan
  2714 | D:4      | Slain by Duvessa

Illustrated notes

Levels and vault maps discovered:
D:1:      dpeg_arrival_rhombi, layout_loops_ring
D:2:      layout_basic, ebering_ecumenical_altar_rust,
          kennysheep_generic_room_13
D:3:      layout_loops_ring, gammafunk_ghost_cemetery
D:4:      layout_basic, okawaru_trees_2, serial_shops,
          nicolae_inconvenience_store, minmay_misc_feat_plants,
          mrwooster_statue_mirror, hex_intersection, uniq_robin,
          uniq_crazy_yiuf_cottage, uniq_duvessa

Skill      XL: |  1  2  3  4  5  6 |
---------------+-------------------+-----
Axes           | 3 4 5 |  5.0
Fighting       | 4 5 |  5.4
Armour         | 4 |  4.9
Shields        | 4 |  4.8

Action                     |  1- 3 |  4- 6 || total
---------------------------+-------+-------++-------
  Melee: War axe           |   103 |   156 ||   259
 Invoke: Convert to Beogh  |       |     1 ||     1
    Use: Potion            |       |     1 ||     1
 Armour: Scale mail        |    74 |   126 ||   200
  Dodge: Dodged            |    42 |    52 ||    94
  Block: Buckler           |    19 |    20 ||    39
